 Dungeon Crawl Stone Soup version 0.27-a0-1416-g941b2bd30b (webtiles) character file.

Game seed: 13577404474088554836

63 pyrow613 the Conjurer (level 3, -1/28 HPs)
             Began as a Demigod Conjurer on July 1, 2021.
             Killed from afar by Sigmund (6 damage)
             ... with a puff of flame
             ... on level 2 of the Dungeon.
             The game lasted 00:06:35 (1535 turns).

pyrow613 the Conjurer (Demigod Conjurer)            Turns: 1535, Time: 00:06:35

Health: -1/28      AC:  4    Str: 12    XL:     3   Next: 61%
Magic:  1/9        EV: 12    Int: 20    God:
Gold:   49         SH:  0    Dex: 12    Spells: 3/6 levels left

rFire    . . .     SeeInvis .   j - +2 dagger (venom)
rCold    . . .     Faith    .   (no shield)
rNeg     . . .     Spirit   .   a - +0 robe
rPois    .         Reflect  .   e - +2 hat
rElec    .         Harm     .   (no cloak)
rCorr    .         Rampage  .   (no gloves)
Will     .....                  (no boots)
Stlth    ++........             (no amulet)
HPRegen  0.09/turn              d - ring of wizardry
MPRegen  0.11/turn              (no ring)

@: no status effects
A: high mp 1, forlorn
a: no special abilities


You were on level 2 of the Dungeon.
You visited 1 branch of the dungeon, and saw 2 of its levels.

You collected 49 gold pieces.

Inventory:

Hand Weapons
 j - a +2 dagger of venom (weapon)
Armour
 a - a +0 robe (worn)
 e - a +2 hat (worn)
Jewellery
 d - a ring of wizardry (left hand)
Scrolls
 c - a scroll of torment {unknown}
 f - a scroll of teleportation {unknown}
 g - 3 scrolls of identify {unknown}
 h - a scroll of magic mapping {unknown}
Potions
 b - a potion of brilliance {unknown}
 i - 2 potions of berserk rage {unknown}


   Skills:
 + Level 1.1 Fighting
 - Level 1.8 Dodging
 - Level 1.8 Stealth
 + Level 2.2 Spellcasting
 * Level 4.5 Conjurations


You had 3 spell levels left.
You knew the following spells:

 Your Spells              Type           Power      Damage    Failure   Level
a - Magic Dart            Conj           80%        1d7       1%          1
b - Searing Ray           Conj           40%        3d4       1%          2

Your spell library contained the following spells:

 Spells                   Type           Power      Damage    Failure   Level
 Dazzling Flash           Conj/Hex       22%        N/A       8%          3
 Frozen Ramparts          Ice            4%         1d2       19%         3
 Tukima's Dance           Hex            2%         N/A       19%         3
 Fulminant Prism          Conj/Hex       5%         3d7       24%         4
 Iskenderun's Mystic Bla  Conj/Tloc      11%        2d4       24%         4
 Ice Form                 Ice/Tmut       2%         N/A       50%         4
 Passage of Golubria      Tloc           N/A        N/A       50%         4
 Summon Ice Beast         Ice/Summ       2%         N/A       50%         4
 Yara's Violent Unravell  Hex/Tmut       1%         3d3       83%         5


Dungeon Overview and Level Annotations

Branches:
Dungeon (2/15)

Annotations:
D:2 Sigmund


Innate Abilities, Weirdness & Mutations

Your attributes grow dramatically as you level up.
You have an increased reservoir of magic. (+10% MP)
You shall have no god before yourself.


Message History

You see here a +0 mace.
Aiming: Magic Dart (safe; 1% risk of failure)
Press: ? - help, Q - select action, (/) - cycle Shift-Dir - straight line The magic dart hits something.
Aiming: Magic Dart (safe; 1% risk of failure)
Press: ? - help, Q - select action, (/) - cycle Shift-Dir - straight line The magic dart hits something but does no damage.
Casting: Magic Dart (safe; 1% risk of failure)
Confirm with . or Enter, or press ? or * to list all spells.
Aiming: Searing Ray (safe; 1% risk of failure)
Press: ? - help, Shift-Dir - straight line The searing ray hits something. (Press . to maintain the ray.) Unknown command.
Unknown command.
Something hits you.
The searing ray hits something!
You finish channeling your searing ray.
Something hits you but does no damage.
Aiming: Magic Dart (safe; 1% risk of failure)
Press: ? - help, Q - select action, (/) - cycle Shift-Dir - straight line The magic dart hits something.
Something hits you.
Unknown command.
Aiming: Magic Dart (safe; 1% risk of failure)
Press: ? - help, Q - select action, (/) - cycle Shift-Dir - straight line The magic dart hits something but does no damage.
You hear a zap.
A puff of flame appears from out of thin air!
The puff of flame hits you! Something hits you!
* * * LOW HITPOINT WARNING * * *
You miss something.
You hear a zap.
A puff of flame appears from out of thin air!
The puff of flame misses you.
You hit something.
You hear a zap.
A puff of flame appears from out of thin air!
The puff of flame hits you.
You die...

...........#
#######.##.#
#####.##.#
#.....##.#
#.###.##.#
#.#......#
#.#.#.#### #.#{#.#
#@#.#.# #{#.#.#
#.#)#.#
#.#)#...>...{
#.#)#########
######.#.)...#
#...........##
#...........#
#...........#######


There were no monsters in sight!

Vanquished Creatures
  An orc wizard (D:2)
  A dart slug (D:1)
  4 orcs (D:2)
  A ball python (D:1)
  2 bats (D:1)
  4 endoplasms
  4 goblins (D:1)
  A hobgoblin (D:1)
  2 jackals (D:1)
  3 quokkas (D:1)
  2 frilled lizards (D:1)
  A kobold (D:1)
  3 rats
29 creatures vanquished.

Notes
Turn   | Place    | Note
-------+----------+-------------------------------------------
     0 | D:1      | pyrow613 the Demigod Conjurer began the quest for the Orb.
     0 | D:1      | Reached XP level 1. HP: 14/14 MP: 5/5
   172 | D:1      | Reached skill level 4 in Conjurations
   179 | D:1      | Reached XP level 2. HP: 20/20 MP: 0/7
   182 | D:1      | Learned a level 2 spell: Searing Ray
  1215 | D:2      | Reached skill level 1 in Fighting
  1215 | D:2      | Reached XP level 3. HP: 21/28 MP: 3/8
  1500 | D:2      | Noticed Sigmund
  1535 | D:2      | Killed from afar by Sigmund

Illustrated notes

Levels and vault maps discovered:
D:1:      roderic_crop_circles_arrival_small, layout_basic,
          hellmonk_ecumenical_altar_zigzags, kennysheep_small_spiral
D:2:      layout_basic, hangedman_decor_push, minmay_tromino_v7, uniq_sigmund

Skill      XL: |  1  2 |
---------------+-------+-----
Conjurations   | 4 |  4.5
Spellcasting   | 2 |  2.2
Fighting       | 1 |  1.1
Dodging        | |  1.8
Stealth        | |  1.8

Action                   || total
-------------------------++-------
Melee: Dagger            ||    33
       Unarmed           ||     1
 Cast: Magic Dart        ||    47
       Searing Ray       ||     2
 Stab: Sleeping          ||     3
Armor: Robe              ||     8
Dodge: Dodged            ||    16

Table legend: (Time is in decaauts)
 A = Elapsed time spent in this place.
 B = Non-inter-level travel time spent in this place.
 C = Inter-level travel time spent in this place.
 D = Time resting spent in this place.
 E = Time spent auto-exploring this place.
 F = Levels seen in this place.
 G = Mean time per level.
                   A        B        C        D        E       F      G
               +--------+--------+--------+--------+--------+-----+--------+
         Total |   1533 |   1507 |     26 |    184 |   1093 |   2 |  766.5 |
       Dungeon |   1533 |   1507 |     26 |    184 |   1093 |   2 |  766.5 |
               +--------+--------+--------+--------+--------+-----+--------+

Top non-repeatable levels by time:
     D:1: 1160 daAuts
     D:2: 373 daAuts
